Cogmind - Beta 14 @@@ ROGUE MODE // 2024.11.08 @ 15:59:02 Player: JP Result: Destroyed by L-41 Fighter with Axe Performance ------------- Evolutions (1) 500 Regions Visited (5) 1000 Robots Destroyed (26) 130 Value Destroyed (665) 665 Prototype IDs (4) 80 Alien Tech Used (0) 0 Bonus (600) 600 TOTAL SCORE: 2975 Bonus ------- Met Imprinter 300 Was Imprinted 300 Cogmind --------- Core Integrity 0/400 Matter 281/300 Energy 100/100 System Corruption 0% Temperature Cool (9) Movement Core (150) Ox2 Location -6/Proximity Caves Parts ------- > --- POWER (1) -------- (None) > --- PROPULSION (2) --- (None) > --- UTILITY (4) ------ Heat Sink Small Storage Unit Targeting Computer > --- WEAPON (2) ------- Makeshift Axe > --- INVENTORY (8) ---- Light Ion Engine Wheel Heat Sink Signal Interpreter Targeting Computer Makeshift ECM Suite Improved Medium Armor Plating Beam Rifle Peak State ------------ > --- POWER ------------ Improved Ion Engine > --- PROPULSION ------- Light Treads Light Treads > --- UTILITY ---------- Heat Sink Small Storage Unit Targeting Computer Phasing AFG > --- WEAPON ----------- Beam Rifle > --- INVENTORY -------- Light Ion Engine Light Treads Light Treads Wheel Heat Sink Heat Sink Signal Interpreter Targeting Computer [Rating: 22] Favorites ----------- Power Makeshift Power Source Engine Makeshift Power Source Power Core Light Nuclear Core Propulsion Light Treads Treads Light Treads Leg Aluminum Leg Wheel Wheel Utility Small Storage Unit Device Heat Sink Storage Small Storage Unit Processor Targeting Computer Protection Light Armor Plating Weapon Beam Rifle Energy Gun Beam Rifle Ballistic Gun Light Assault Rifle Launcher Heavy Rocket Launcher Slashing Weapon Makeshift Axe Build | -11 -10 -9 -9 -7 -6 ------- Run | Yrd Mat Mat Min Zio Pro Slots Evolved 2 | . . 2 . . . Power . | . . . . . . Propulsion . | . . . . . . Utility 2 | . . 2 . . . Weapon . | . . . . . . Parts Attached 40 | 6 8 16 1 5 4 Power 5 | 1 1 2 . 1 . Engine 4 | 1 . 2 . 1 . Core 1 | . 1 . . . . Reactor . | . . . . . . Propulsion 15 | 2 3 7 1 1 1 Treads 5 | . . 2 1 1 1 Leg 9 | 2 2 5 . . . Wheel 1 | . 1 . . . . Hover . | . . . . . . Flight . | . . . . . . Utility 10 | 1 1 4 . 2 2 Device 5 | . 1 2 . 1 1 Storage 1 | 1 . . . . . Processor 1 | . . 1 . . . Hackware . | . . . . . . Protection 3 | . . 1 . 1 1 Artifact . | . . . . . . Weapon 10 | 2 3 3 . 1 1 Energy Gun 7 | 1 3 3 . . . Energy Cannon . | . . . . . . Ballistic Gun 1 | 1 . . . . . Ballistic Cannon . | . . . . . . Launcher 1 | . . . . . 1 Special Weapon . | . . . . . . Impact Weapon . | . . . . . . Slashing Weapon 1 | . . . . 1 . Piercing Weapon . | . . . . . . Special Melee Weapon . | . . . . . . Unidentified Prototypes 2 | . . 1 . 1 . Parts Lost 8 | . . 4 . . 4 Power 2 | . . 1 . . 1 Propulsion 1 | . . . . . 1 Utility 2 | . . 1 . . 1 Weapon 3 | . . 2 . . 1 Highest Loss Streak 3 | . . 3 . . 3 To Critical Strikes . | . . . . . . Average Slot Usage (%) 93 | . 82 91 . 96 94 Engine 8 | . 2 4 . 11 7 Core 2 | . 12 4 . . . Treads 17 | . . 9 . 22 21 Leg 4 | . 22 11 . . . Device 10 | . 2 12 . 11 11 Storage 11 | . 14 11 . 11 11 Processor 9 | . . 11 . 11 11 Protection 8 | . . 5 . 11 10 Energy Gun 12 | . 15 19 . 11 10 Ballistic Gun 1 | . 10 . . . . Slashing Weapon 6 | . . . . 8 11 Peak Build Rating 22 | 6 9 14 10 22 21 Average Rating 14 | 3 7 11 10 15 18 On Entrance 8 | . 6 9 10 10 17 Naked Turns . | . . . . . . Heaviest Build 22 | 11 15 22 19 22 20 Greatest Support 48 | 20 20 40 40 40 48 Greatest Overweight (x) 2 | . 1 1 . . 2 Average Overweight (x) . | . . . . . . Largest Inventory Capacity 8 | 8 8 8 8 8 8 Average Capacity 7 | 6 8 8 8 8 8 Most Carried 8 | 6 8 8 8 8 8 Average Carried 7 | 4 7 7 8 7 7 Final Capacity 8 | 8 8 8 8 8 8 Final Carried 8 | 6 8 8 8 8 8 Class Distribution -------------------- 64% | Scavenger-Mutant 35% | Mutant Dominant Class ---------------- Mutant | -10/Materials Mutant | -9/Materials Mutant | -9/Mines Scavenger-Mutant | -7/Zion Mutant | -6/Proximity Caves Resources | -11 -10 -9 -9 -7 -6 ----------- Run | Yrd Mat Mat Min Zio Pro Matter Collected 591 | 56 197 258 . 60 20 Remotely . | . . . . . . Salvage Created 812 | . 197 609 . . 6 Parts 54 | . 7 46 . . 1 Haulers Intercepted . | . . . . . . Recyclers Shooed 1 | . . 1 . . . Parts Field Recycled . | . . . . . . Retrieved Matter . | . . . . . . Parts Self-Destructed 5 | . . . . 4 1 Prevented . | . . . . . . Kills | -11 -10 -9 -9 -7 -6 ------- Run | Yrd Mat Mat Min Zio Pro Combat Hostiles Destroyed 22 | . 4 17 . . 1 Melee 1 | . . . . . 1 Guns 21 | . 4 17 . . . Classes Destroyed 7 | . 1 5 . . 1 Worker 1 | . . 1 . . . Operator 1 | . . 1 . . . Drone 1 | . . . . . 1 Watcher 2 | . . 2 . . . Swarmer 8 | . . 8 . . . Grunt 9 | . 4 5 . . . Sentry 4 | . . 4 . . . Best Kill Streak 4 | . 2 4 . . 1 Combat Bots Only 4 | . 2 4 . . 1 Max Kills in Single Turn 1 | . 1 1 . . 1 Gunslinging . | . . . . . . Exploded . | . . . . . . Melee 1 | . . . . . 1 Uniques/NPCs Destroyed . | . . . . . . Combat | -11 -10 -9 -9 -7 -6 -------- Run | Yrd Mat Mat Min Zio Pro Hostile Shots Fired 237 | . 25 126 3 . 83 Missed 65 | . 3 36 1 . 25 Damage Taken 2308 | . 349 817 28 . 1114 Core 476 | . 65 134 . . 277 Absorbed by Shields . | . . . . . . Core Remaining (%) 87 | 100 74 . . . . Volleys Fired 80 | . 26 52 . . 2 Largest 2 | . 2 2 . . 1 Hottest 112 | . 85 112 . . 56 Shots Fired 129 | . 42 85 . . 2 Gun 128 | . 42 85 . . 1 Cannon . | . . . . . . Launcher 1 | . . . . . 1 Special . | . . . . . . Kinetic 26 | . 26 . . . . Thermal 95 | . 9 85 . . 1 Explosive 1 | . . . . . 1 Electromagnetic 7 | . 7 . . . . Robot Hit Streak 11 | . 9 11 . . . Robot Miss Streak 2 | . 2 2 . . 2 Penetration Max . | . . . . . . Secondary Targets 1 | . 1 . . . . Max Gunslinging Chain 1 | . 1 . . . . Shots Hit Robots 89 | . 26 60 . . 3 Core Hits 42 | . 12 27 . . 3 Critical Kills . | . . . . . . Critical Parts Destroyed . | . . . . . . Critical Strikes 3 | . . 3 . . . Burn 3 | . . 3 . . . Melee Attacks 5 | . . . . . 5 Impact . | . . . . . . Slashing 5 | . . . . . 5 Piercing . | . . . . . . Sneak Attacks 1 | . . . . . 1 Combat Hostiles 1 | . . . . . 1 Follow-up Attacks . | . . . . . . Damage Inflicted 1499 | . 293 963 . . 243 Guns 1256 | . 293 963 . . . Cannons . | . . . . . . Explosions 126 | . . . . . 126 Melee 117 | . . . . . 117 Ramming . | . . . . . . Kinetic 135 | . 135 . . . . Thermal 1079 | . 116 963 . . . Explosive 126 | . . . . . 126 Electromagnetic 42 | . 42 . . . . Impact . | . . . . . . Slashing 117 | . . . . . 117 Piercing . | . . . . . . Highest Corruption 1 | . 1 . . . . Average Corruption 1 | . 1 . . . . Corruption Purged . | . . . . . . Corruption Blocked . | . . . . . . Effects 2 | . 2 . . . . Message Errors 1 | . 1 . . . . Energy Discharges 1 | . 1 . . . . Overload Shots . | . . . . . . Overflow Damage . | . . . . . . Projectiles . | . . . . . . Explosions . | . . . . . . Melee . | . . . . . . Knockbacks . | . . . . . . Impact . | . . . . . . Kinetic . | . . . . . . Secondary . | . . . . . . Self-Inflicted Damage 35 | . . . . . 35 Shots 1 | . . . . . 1 Rammed . | . . . . . . Targets Rammed . | . . . . . . Kicked . | . . . . . . Crushed . | . . . . . . Highest Temperature 347 | . 347 142 . . 13 Average Temperature 68 | . 104 47 . . 9 Received Heat Transfer 603 | . 198 99 . . 306 Effects 1 | . 1 . . . . Shutdowns 1 | . 1 . . . . Siege Activations . | . . . . . . Robots Corrupted . | . . . . . . Combat Hostiles . | . . . . . . Parts Fried . | . . . . . . Impact Corruptions . | . . . . . . Robots Melted . | . . . . . . Combat Hostiles . | . . . . . . Parts Melted 8 | . 1 7 . . . Heat Transferred 2738 | . 259 2479 . . . Parts Sabotaged . | . . . . . . Parts Stolen . | . . . . . . Parts Stripped . | . . . . . . Power Chain Reactions . | . . . . . . Alert | -11 -10 -9 -9 -7 -6 ------- Run | Yrd Mat Mat Min Zio Pro Peak Influence 417 | . 194 417 162 . . Initial 162 | . . . 162 . . Average 149 | . 122 184 162 . . Maximum Alert Level 2 | . . 2 . . . Low Security (%) 72 | 100 100 50 100 . . Level 1 24 | . . 44 . . . Level 2 2 | . . 4 . . . Level 3 . | . . . . . . Level 4 . | . . . . . . Level 5 . | . . . . . . High Security . | . . . . . . Max Security . | . . . . . . Squads Dispatched 1 | . . 1 . . . Investigation . | . . . . . . Extermination . | . . . . . . Reinforcement 1 | . . 1 . . . Assault . | . . . . . . Garrison . | . . . . . . Intercept . | . . . . . . Searches Triggered . | . . . . . . Construction Impeded . | . . . . . . Haulers Reinforced . | . . . . . . Active Scanning Responses . | . . . . . . Cargo Convoy Interrupts . | . . . . . . Stealth | -11 -10 -9 -9 -7 -6 --------- Run | Yrd Mat Mat Min Zio Pro Distress Signals 2 | . . 2 . . . Communications Jammed . | . . . . . . Distress Signals . | . . . . . . Times Spotted 68 | . 10 33 12 . 13 Peak Tracking Total 20 | . 4 7 20 . 9 Tactical Retreats 8 | . 1 5 . . 2 Traps | -11 -10 -9 -9 -7 -6 ------- Run | Yrd Mat Mat Min Zio Pro Traps Triggered 5 | . 5 . . . . Indirectly . | . . . . . . Trap Hack Attempts . | . . . . . . Triggered . | . . . . . . Disarmed . | . . . . . . Reprogrammed . | . . . . . . Reused . | . . . . . . Traps Extracted . | . . . . . . Installed . | . . . . . . Triggered . | . . . . . . Machines | -11 -10 -9 -9 -7 -6 ---------- Run | Yrd Mat Mat Min Zio Pro Machines Disabled 1 | . 1 . . . . Max in Single Turn 1 | . 1 . . . . Machines Repaired . | . . . . . . Machines Dismantled . | . . . . . . Machines Sabotaged . | . . . . . . Overloaded Fab Kills . | . . . . . . Hacking | -11 -10 -9 -9 -7 -6 --------- Run | Yrd Mat Mat Min Zio Pro Machines Accessed 3 | . 3 . . . . Terminals 3 | . 3 . . . . Fabricators . | . . . . . . Repair Stations . | . . . . . . Recycling Units . | . . . . . . Scanalyzers . | . . . . . . Garrison Access . | . . . . . . Total Hacks 10 | . 10 . . . . Successful 4 | . 4 . . . . Failed 6 | . 6 . . . . Catastrophic . | . . . . . . Database Lockouts . | . . . . . . Manual 8 | . 7 . . 1 . Terminals 10 | . 10 . . . . Fabricators . | . . . . . . Repair Stations . | . . . . . . Recycling Units . | . . . . . . Scanalyzers . | . . . . . . Garrison Access . | . . . . . . Terminal Hacks 2 | . 2 . . . . Prototype ID Bank 1 | . 1 . . . . Branch Access Points 1 | . 1 . . . . Fabricator Hacks . | . . . . . . Repair Station Hacks . | . . . . . . Recycling Unit Hacks . | . . . . . . Scanalyzer . | . . . . . . Garrison Access Hacks . | . . . . . . Unauthorized Hacks 2 | . 2 . . . . Terminals 2 | . 2 . . . . Botnet 2 | . 2 . . . . Fabricators . | . . . . . . Repair Stations . | . . . . . . Recycling Units . | . . . . . . Scanalyzers . | . . . . . . Garrison Access . | . . . . . . Data Cores Recovered . | . . . . . . Used . | . . . . . . Hacking Detections 2 | . 2 . . . . Full Trace Events . | . . . . . . Feedback Events . | . . . . . . Feedback Blocked . | . . . . . . Robot Schematics Acquired 1 | . . . . 1 . Robots Built . | . . . . . . Authchips . | . . . . . . Time . | . . . . . . Total Robot Build Rating . | . . . . . . Part Schematics Acquired 4 | . . . . 4 . Parts Built . | . . . . . . Authchips . | . . . . . . Time . | . . . . . . Total Part Build Rating . | . . . . . . Parts Repaired . | . . . . . . Time . | . . . . . . Parts Recycled . | . . . . . . Recycled Matter . | . . . . . . Retrieved Matter . | . . . . . . Retrieved Components . | . . . . . . Parts Scanalyzed . | . . . . . . Part Schematics Acquired . | . . . . . . Parts Damaged . | . . . . . . Bothacking | -11 -10 -9 -9 -7 -6 ------------ Run | Yrd Mat Mat Min Zio Pro Used RIF Installer . | . . . . . . Robots Hacked . | . . . . . . Non-combat . | . . . . . . Combat . | . . . . . . Robot Hacks Applied . | . . . . . . Relay Couplers Released . | . . . . . . Fabnet Peak Effective % . | . . . . . . Robots Rewired . | . . . . . . Allies Hacked . | . . . . . . Hacks Repelled . | . . . . . . Allies | -11 -10 -9 -9 -7 -6 -------- Run | Yrd Mat Mat Min Zio Pro Total Allies 4 | . . . . 4 . Largest Group 4 | . . . . 4 4 Highest-Rated Group 155 | . . . . 155 155 Highest-Rated Ally 40 | . . . . 40 40 Total Orders . | . . . . . . Ally Attacks 5 | . . . . . 5 Total Damage 178 | . . . . . 178 Kills . | . . . . . . Allies Corrupted . | . . . . . . Allies Melted . | . . . . . . Intel | -11 -10 -9 -9 -7 -6 ------- Run | Yrd Mat Mat Min Zio Pro Robot Analysis Total . | . . . . . . Derelict Logs Recovered 1 | . . . . 1 . Drone Launches . | . . . . . . Drone Recoveries . | . . . . . . Exploration | -11 -10 -9 -9 -7 -6 ------------- Run | Yrd Mat Mat Min Zio Pro Turns Passed 3607 | 64 416 592 5 2014 516 Spaces Moved 2107 | 50 244 266 3 1236 308 Core 16 | 15 . . . . 1 Treads 1649 | . . 103 3 1236 307 Legs 355 | 35 177 143 . . . Wheels 87 | . 67 20 . . . Hover . | . . . . . . Flight . | . . . . . . Fastest Speed 50 | 50 95 95 160 160 150 Average Speed 151 | 99 126 136 160 160 159 Slowest Speed 190 | 120 190 190 160 160 160 Overloaded Moves . | . . . . . . Propulsion Burnouts . | . . . . . . Robots Hopped . | . . . . . . Cave-ins Triggered . | . . . . . . Exploration Rate (%) 39 | 4 66 29 6 87 45 Regions Visited 5 Branch Regions 3 Pre-discovered Areas 2 | . . . . 2 . Known Exits Taken . | . . . . . . Unknown Exits Taken 5 | 1 1 1 1 1 . Scrap Searched 5 | . . . . 2 3 Spaces Dug 1 | . . . . . 1 Terrain Destroyed 17 | . . . . . 17 Melee 1 | . . . . . 1 Projectile . | . . . . . . AOE 16 | . . . . . 16 Terrain Rammed . | . . . . . . Walls Destroyed . | . . . . . . Machines Disabled . | . . . . . . Actions | -11 -10 -9 -9 -7 -6 --------- Run | Yrd Mat Mat Min Zio Pro Total 2388 | 61 316 411 3 1272 325 Wait 115 | . 25 63 . 27 . Move 2102 | 49 243 265 2 1235 308 Hop . | . . . . . . Pick Up 23 | 6 7 7 . 1 2 Fast Attach 18 | 6 3 3 . 4 2 Attach 12 | . 3 8 . . 1 Detach . | . . . . . . Swap 10 | . 2 5 1 1 1 Drop 23 | . 7 8 . 4 4 Fire 80 | . 26 52 . . 2 Melee 5 | . . . . . 5 Ram . | . . . . . . Kick . | . . . . . . Crush . | . . . . . . Escape Stasis . | . . . . . . Rewire . | . . . . . . Trap . | . . . . . . Miscellaneous . | . . . . . . Route ------- -11/Scrapyard -10/Materials (discovered 2 exits: [*Mat] / *Min) -9/Materials -9/Mines -7/Zion -6/Proximity Caves History --------- Turn | Location | Event 12 | -11/Scrapyard | Discovered new exit (range 16) 65 | -11/Scrapyard | Entered Materials 285 | -10/Materials | Discovered new exit (range 16) 317 | -10/Materials | Build established: Mutant 440 | -10/Materials | Identified exit to Mines 449 | -10/Materials | Discovered new exit (range 16) 481 | -10/Materials | Entered another Materials area 481 | -9/Materials | Evolved 2 slots: Utility x2 770 | -9/Materials | Lost 3 parts (1p1u1w) 1030 | -9/Materials | Discovered new exit (range 16) 1073 | -9/Materials | Entered Mines 1074 | -9/Mines | Assembled infested the area 1074 | -9/Mines | A Derelict revealed a hidden shortcut to a safe place 1078 | -9/Mines | Entered Zion 1151 | -7/Zion | Build established: Scavenger-Mutant 1259 | -7/Zion | Learned Factory interactive machine intel 1556 | -7/Zion | Found Prototype Device 1556 | -7/Zion | Identified Phasing AFG 2042 | -7/Zion | Learned location of Data Miner (-6) 2082 | -7/Zion | Met Imprinter 2114 | -7/Zion | Imprinted 2116 | -7/Zion | Declared Zion's savior 3065 | -7/Zion | Discovered new exit (range 15) 3092 | -7/Zion | Entered Proximity Caves 3092 | -6/Proximity Caves | Accompanied by 4 allies 3161 | -6/Proximity Caves | Spotted B-75 Beast 3198 | -6/Proximity Caves | Spotter reported a threat 3244 | -6/Proximity Caves | Lost 4 allies 3481 | -6/Proximity Caves | Build established: Mutant 3500 | -6/Proximity Caves | Spotter reported a threat 3583 | -6/Proximity Caves | Spotter reported a threat 3597 | -6/Proximity Caves | Core integrity fell below 50% 3604 | -6/Proximity Caves | Core integrity fell below 20% 3608 | -6/Proximity Caves | Destroyed by L-41 Fighter with Axe Last Messages --------------- 03440_ Dropped Lgt. Treads. 03441_ Acquired Med. Treads. 03498_ N-01 Spotter is scanning... 03500_ N-01 Spotter sends a signal. 03500_ ALERT: Unidentified potential threat approaching Complex 0b10. 03581_ N-01 Spotter is scanning... 03583_ N-01 Spotter sends a signal. 03583_ ALERT: Unidentified potential threat approaching Complex 0b10. 03583_ Critical hit (Burn: +37). 03587_ Hvy. Rocket Launcher destroyed. 03592_ Lyr. Light Armor Plating destroyed. 03593_ Lgt. Treads severed. 03600_ The unstable cave ceiling collapses. 03601_ C-30 ARC bursts open, deploying its payload. 03601_ S-27 Virus unfolds itself. 03601_ Critical hit (Burn: +37). 03607_ Med. Treads destroyed. Map ----- +----------------------------------------------------+ | ???????????# ? " "" ???## #?####???????? | | ???????????# ? ????## ### ##??????? | | ???????????# ? ?? ?????# ## #??????? | | ???????????## ? ? ####?????# ## #??????? | | ?????????????#?? ?????????# ## #???????? | | ???????????????? ??####????# ##??????? | | ????????????????? ????## ##??## #??????? | | ??????????????????????# ##?# ### ##??????? | | ?????????????????????## #### ### ##???????? | | ?????????????????????# ### #????????? | | ?????????????????????# #????????? | | ?????????????????????# ######????????? | | ?????????????????????# ##?????????????? | | ?????????????????????# ## #??????????????? | | ?????????????????????# ??### ##??????????????? | | ?????????????????????????# ###???????????????? | | ?????????????????????????# = #????????????????? | | ?????????????????????????## g ##????????????????? | | ????????????????????????## #?##??????????????? | | ????????????????????????# gg # #??????????????? | | ?????????????????###????# #### #?????????? | | ????????????????## #### ???????? | | ????????????????# s ???????? | | ???????????????# s ##### ????????? | | ????????????# ####l ##??????????????? | | ????????????# " ????#@ ##???????????????? | | ??????????? %?????# ##????????????????? | | ???????????? ?????# ## #?????????????????? | | ???????????? ??????# ##? #?????????????????? | | ????????????????????# #?? #?????????????????? | | ???????????????????# ?? #?????????????????? | | ??????????????????# ###?? #?????????????????? | | ????????????????? #?????? #?????????????????? | | ???????????????? #??????? #?????????????????? | | ??????????????? ???????????????????????????? | | ??????????????## ## ???????????????????????????? | | ???????????????##?# ????????????????????????????? | | ??????????????????# ????????????????????????????? | | ??????????????????# ?????????????????????????????? | | ?????????????????????????????????????????????????? | | ?????????????????????????????????????????????????? | | ?????????????????????????????????????????????????? | | ?????????????????????????????????????????????????? | | ?????????????????????????????????????????????????? | | ?????????????????????????????????????????????????? | | ?????????????????????????????????????????????????? | | ?????????????????????????????????????????????????? | | ?????????????????????????????????????????????????? | | ?????????????????????????????????????????????????? | | ?????????????????????????????????????????????????? | +----------------------------------------------------+ Best States ------------- Heat Dissipation 38 Energy Generation 15 Energy Capacity 265 Matter Stores 300 Matter Capacity 300 Sight Range 16 Terrain Scan Range 14 Terrain Scan Density 10 Armor Coverage 150 Evasion (%) 55 Targeting Accuracy 5 Recoil Reduction 2 Item Schematics ----------------- Lrn. Missile Launcher | -7/Zion | Archive Coolant Injector | -7/Zion | Archive Adv. Assault Cannon | -7/Zion | Archive Imp. Trap Scanner | -7/Zion | Archive Robot Schematics ------------------ B-48 Gladiator | -7/Zion | Archive Fabricated ------------ Nothing Alien Tech Used ----------------- None Achievements -------------- None Challenges ------------ None Game ------ Seed DefenseLargeSlayer Manual? 0 Play Time 00:25:22 Cumulative 35.2 hours Start 2024.11.08 @ 15:31:22 End 2024.11.08 @ 15:59:02 Sessions 1 Manual Loads 0 Difficulty Rogue Special Mode None Game No. 53 Rogue 53 Adventurer 0 Explorer 0 Win Type - Total 1 Types 1/0/0/0/0/0/0/0/0 Lore% 16 Gallery% 34 Achievement% 32 Wizard Run 0 Options --------- Layout 1 ASCII 0 Keyboard 0 Movement Mouse Keybinds 0 Fullscreen 2 Font 32/SmallcapsGlow Map View 50x35 Zoom Use 0% Tactical HUD 1 Map Filters NONE Filters NONE Steam 1 RUN: 65e6ef19-d526-4552-8d1c-fbbf0e37b9df